 Dungeon Crawl Stone Soup version 0.28-a0-730-g892d06dc2c (webtiles) character file.

Game seed: 15973951038425893748

10135 sanka the Cleaver (level 11, -4/142 HPs)
             Began as a Palentonga Berserker on Oct 28, 2021.
             Was a High Priest of Trog.
             Slain by Snorg (16 damage)
             ... on level 11 of the Dungeon.
             The game lasted 00:19:53 (10985 turns).

sanka the Cleaver (Palentonga Berserker)           Turns: 10985, Time: 00:19:53

Health: -4/142     AC: 21    Str: 20    XL:     11   Next: 32%
Magic:  6/6        EV:  7    Int:  9    God:    Trog [*****.]
Gold:   271        SH: 20    Dex: 12    Spells: 10/10 levels left

rFire   . . .      SeeInvis +   a - +4 broad axe (antimagic)
rCold   . . .      Faith    .   m - +0 tower shield
rNeg    . . .      Spirit   .   t - +2 ring mail {rPois}
rPois   +          Reflect  +   A - +0 helmet
rElec   .          Harm     .   i - +1 cloak
rCorr   .          Rampage  .   (no gloves)
Will    .....                   (no barding)
Stlth   ..........              o - amulet of reflection
HPRegen 0.33/turn               x - ring of magical power
MPRegen 0.10/turn               f - +4 ring of protection

@: berserking (expiring), slowed, studying Fighting, curled up
A: large, rugged brown scales 3, see invisible, deformed body, roll 1, armoured
tail, reflexive curl
a: Rolling Charge, Renounce Religion, Berserk, Trog's Hand, Brothers in Arms


You were on level 11 of the Dungeon.
You worshipped Trog.
Trog was extremely pleased with you.
You visited 1 branch of the dungeon, and saw 11 of its levels.
You also visited: Sewer.

You collected 537 gold pieces.
You spent 266 gold pieces at shops.


Innate Abilities, Weirdness & Mutations

You are completely covered in rugged brown scales. (AC +3, +7% HP)
You have supernaturally acute eyesight. (SInv)
Armour fits poorly on your strangely shaped body.
You can roll at nearby foes to attack.
You have a long armoured tail.
You curl defensively after being hit.


   Skills:
 + Level 9.2 Fighting
 * Level 12.3 Axes
 - Level 1.5 Armour
 - Level 1.5 Dodging
 + Level 9.8 Shields


You had 10 spell levels left.
You didn't know any spells.
Your spell library was empty.

Inventory:

Hand Weapons
 a - a +4 antimagic broad axe (weapon)
 b - a +1 broad axe of flaming
 K - the +9 dagger of Isipa {venom, rF+ rC+ rN+ Dex-2}

   It poisons the flesh of those it strikes.
   Dex:       It affects your dexterity (-2).
   rF:        It protects you from fire.
   rC:        It protects you from cold.
   rN:        It protects you from negative energy.
Missiles
 s - 4 throwing nets {=f}
 I - 4 curare-tipped darts {=f}
Armour
 i - a +1 cloak (worn)
 m - a +0 tower shield (worn)
 t - a +2 ring mail of poison resistance (worn)
 A - a +0 helmet (worn)
Jewellery
 f - a +4 ring of protection (right hand)
 o - an amulet of reflection (around neck)
 x - a ring of magical power (left hand)
 F - a +4 ring of protection
Wands
 p - a wand of flame (12)
 u - a wand of digging (5)
 E - a wand of acid (7)
 G - a wand of iceblast (12)
Scrolls
 c - 9 scrolls of teleportation {@r4}
 d - a scroll of magic mapping {unknown}
 g - 2 scrolls of immolation {!r}
 q - a scroll of fear
 r - a scroll of blinking
 y - 3 scrolls of fog
 z - a scroll of silence {unknown}
 D - a scroll of brand weapon {unknown}
 H - a scroll of torment {!r}
Potions
 e - a potion of degeneration {unknown}
 h - 3 potions of attraction {unknown}
 j - 2 potions of invisibility {unknown}
 k - a potion of resistance {unknown}
 l - 2 potions of curing {unknown}
 n - 4 potions of flight
 v - 2 potions of might {unknown}
 w - 3 potions of heal wounds {unknown}
 B - 4 potions of lignification {unknown}
 C - 2 potions of magic {unknown}
 J - a potion of haste {unknown}
 L - a potion of brilliance {unknown}

Dungeon Overview and Level Annotations

Branches:
Dungeon (11/15)            Temple (0/1) D:5            Lair (0/6) D:10
  Sewer (visited)
    Orc: D:9-12

Altars:
Fedhas
Hepliaklqana
Uskayaw
Wu Jian

Shops:
D:1 :   D:2 (   D:4 *!([*   D:5 (   D:7 (

Annotations:
D:11 Snorg

.........>▒▒▒...▒▒▒ ▒..▒
.........▒▒▒......▒▒..▒
...▒....▒▒▒.<.........▒▒.
▒▒....▒▒▒.......(.....
▒▒.....▒............
▒▒.....▒.......▒
▒▒.>...)...<▒▒▒
▒▒.....).▒▒▒ ▒▒▒.H.▒▒▒
▒▒WT▒▒ ▒▒..▒▒ ▒..▒▒ ▒▒..▒
▒..▒▒ ▒▒..▒ ▒..▒▒ ▒.▒▒


You could see Snorg (berserk) and a wraith.


Message History

You block Snorg's attack.
You slice Snorg!!
Snorg is heavily wounded.
You slash the wraith! Snorg closely misses you. Snorg completely misses you.
You block Snorg's attack. You block the wraith's attack.
You hit Snorg.
Your tail-slap misses Snorg.
Snorg is heavily wounded.
You closely miss the wraith. Snorg bites you!!
* * * LOW HITPOINT WARNING * * *
Snorg claws you.
* * * LOW HITPOINT WARNING * * *
You block Snorg's attack.
You slash Snorg! You tail-slap Snorg.
Snorg is severely wounded.
You barely miss the wraith. You block Snorg's attack. You block Snorg's attack.
Snorg claws you but does no damage. The wraith hits you!
* * * LOW HITPOINT WARNING * * *
The wraith drains your vigour!
You feel yourself slow down. Snorg bites you!
You die...

Action                   |  1- 3 |  4- 6 |  7- 9 | 10-12 || total
-------------------------+-------+-------+-------+-------++-------
Melee: Hand axe          |   129 |   209 |       |       ||   338
       Tailslap          |    11 |    18 |    43 |    38 ||   110
       Battleaxe         |       |       |   173 |       ||   173
       Broad axe         |       |       |    96 |   247 ||   343
Invok: Berserk           |     1 |     3 |     4 |     3 ||    11
 Abil: Rolling Charge    |       |       |     8 |     3 ||    11
  Use: Potion            |       |     2 |       |       ||     2
       Scroll            |       |       |     9 |     4 ||    13
 Stab: Sleeping          |       |     1 |       |       ||     1
Armor: Animal skin       |    51 |   103 |    39 |       ||   193
       Ring mail         |       |       |   122 |    95 ||   217
Dodge: Dodged            |    52 |    96 |   110 |    46 ||   304
Block: Tower shield      |       |       |    96 |   259 ||   355
       Reflection        |       |       |     1 |    10 ||    11

Levels and vault maps discovered:
D:1:      kennysheep_arrival_forest, layout_basic, serial_shops, shop,
          minmay_misc_feat_x
D:2:      layout_rooms, chequers_ecumenical_altar_grove, serial_shops,
          nicolae_shop_trees, uniq_sigmund
D:3:      layout_basic, cheibrodos_sewer_entry_bend, minmay_misc_feat_tiny,
          minmay_guardbox
D:4:      layout_rooms, nzn_wu_jian_contemplation, serial_shops, shop_fountains,
          shop, nicolae_square_shop, kennysheep_little_box,
          nicolae_shop_waterfront, uniq_purgy
D:5:      layout_cave_pods, mainiacjoe_overflow_chevrons,
          minmay_temple_entry_trees, serial_shops, shop, uniq_ijyb,
          uniq_menkaure, uniq_edmund, uniq_pikel
D:6:      layout_basic, kennysheep_generic_room_8
D:7:      layout_rooms, mainiacjoe_overflow_alcove_4, serial_shops,
          nicolae_stop_n_shop_1, uniq_harold
D:8:      layout_loops_ring, nicolae_overflow_hidden_temple
D:9:      layout_rooms, ebering_ghost_reflecting_pool, uniq_maggie
D:10:     layout_roguey, david_lair_shrubbed
D:11:     layout_cave_pods, gammafunk_ghost_icy,
          amcnicky_mini_rare_corridor_liquid, uniq_snorg

Notes
Turn   | Place    | Note
-------+----------+-------------------------------------------
     0 | D:1      | sanka the Palentonga Berserker began the quest for the Orb.
     0 | D:1      | Reached XP level 1. HP: 19/19 MP: 1/1
   236 | D:1      | Reached XP level 2. HP: 12/25 MP: 2/2
   932 | D:1      | Reached skill level 4 in Axes
  1248 | D:1      | Found Queddale's Book Boutique.
  1774 | D:2      | Reached XP level 3. HP: 31/31 MP: 3/3
  1951 | D:2      | Reached ** piety under Trog
  2028 | D:2      | Found Gilyn Lul's Weapon Boutique.
  2119 | D:2      | Found a faded altar of an unknown god.
  2191 | D:2      | Noticed Sigmund
  2197 | D:2      | Killed Sigmund
  2198 | D:2      | Reached skill level 6 in Axes
  2198 | D:2      | Reached XP level 4. HP: 37/37 MP: 4/4
  2198 | D:2      | Reached XP level 5. HP: 43/43 MP: 5/5
  2685 | D:3      | Reached XP level 6. HP: 50/50 MP: 6/6
  2696 | D:3      | Reached skill level 7 in Axes
  2845 | D:3      | Reached *** piety under Trog
  2887 | D:3      | Found a glowing drain.
  2911 | Sewer    | Entered a sewer
  3427 | Sewer    | Reached **** piety under Trog
  3500 | Sewer    | Reached skill level 8 in Axes
  3507 | Sewer    | Gained mutation: You curl defensively after being hit.
                  | [Palentonga growth]
  3507 | Sewer    | Reached XP level 7. HP: 55/55 MP: 7/7
  3666 | D:3      | Reached skill level 1 in Shields
  4011 | D:4      | Found Tubluscha's Weapon Shop.
  4022 | D:4      | Reached skill level 2 in Shields
  4023 | D:4      | Found Tyraimn's Distillery.
  4055 | D:4      | Found an ornate altar of the Wu Jian Council.
  4251 | D:4      | Found Ohef's Assorted Antiques.
  4311 | D:4      | Found Ybrixig's General Store.
  4334 | D:4      | Reached skill level 3 in Shields
  4410 | D:4      | Noticed Purgy
  4416 | D:4      | Killed Purgy
  4680 | D:4      | Found Galoss's Antique Armour Emporium.
  4733 | D:5      | Entered Level 5 of the Dungeon
  4738 | D:5      | Reached skill level 4 in Shields
  4850 | D:5      | Reached XP level 8. HP: 59/62 MP: 8/8
  4879 | D:5      | Noticed Ijyb
  4895 | D:5      | Killed Ijyb
  4956 | D:5      | Reached skill level 5 in Shields
  5189 | D:5      | Found a blossoming altar of Fedhas.
  5212 | D:5      | Found a staircase to the Ecumenical Temple.
  5214 | D:5      | Found Faynijag's Weapon Shop.
  5430 | D:5      | Noticed Pikel
  5449 | D:5      | Killed Pikel
  5450 | D:5      | Reached skill level 7 in Shields
  5594 | D:5      | Noticed Menkaure
  5598 | D:5      | Killed Menkaure
  5598 | D:5      | Reached ***** piety under Trog
  5851 | D:5      | Noticed Edmund
  5871 | D:5      | Killed Edmund
  5872 | D:5      | Reached XP level 9. HP: 41/67 MP: 9/9
  6128 | D:6      | Reached skill level 8 in Shields
  6328 | D:2      | Bought a +1 antimagic broad axe for 266 gold pieces
  6471 | D:6      | Received a gift from Trog
  6993 | D:6      | Reached skill level 4 in Fighting
  7166 | D:7      | Found Guig's Weapon Boutique.
  7308 | D:7      | Reached skill level 9 in Axes
  7479 | D:7      | Identified the +6 mace of Beogh's Esteem {vamp, Str+4}
  7784 | D:7      | Noticed Harold
  7791 | D:7      | Killed Harold
  7792 | D:7      | Reached skill level 5 in Fighting
  7792 | D:7      | Reached XP level 10. HP: 79/79 MP: 6/10
  7922 | D:7      | Identified a scroll of acquirement
  7923 | D:7      | Acquired a manual of Fighting
  7954 | D:7      | Found a hazy altar of Hepliaklqana.
  8092 | D:8      | Reached skill level 10 in Axes
  8790 | D:8      | Found a hide-covered altar of Uskayaw.
  9226 | D:9      | Reached skill level 6 in Fighting
  9292 | D:9      | Identified +0 swamp dragon scales
  9292 | D:9      | Noticed Maggie
  9313 | D:9      | Killed Maggie
  9314 | D:9      | Reached skill level 9 in Shields
  9339 | D:9      | Found a runed translucent door.
  9340 | D:9      | Noticed nago's ghost (journeyman DjWn)
  9685 | D:9      | Killed nago's ghost
  9686 | D:9      | Reached skill level 7 in Fighting
  9686 | D:9      | Reached skill level 11 in Axes
  9759 | D:10     | Entered Level 10 of the Dungeon
  9846 | D:10     | Found a staircase to the Lair.
  9863 | D:10     | Identified the +9 dagger of Isipa {venom, rF+ rC+ rN+
                  | Dex-2}
 10006 | D:10     | Reached skill level 8 in Fighting
 10162 | D:10     | Reached XP level 11. HP: 38/92 MP: 6/11
 10674 | D:10     | Received a gift from Trog
 10701 | D:10     | Reached skill level 12 in Axes
 10968 | D:11     | Noticed a two-headed ogre
 10971 | D:11     | Noticed Snorg
 10975 | D:11     | Killed a two-headed ogre
 10976 | D:11     | Reached skill level 9 in Fighting
 10985 | D:11     | HP: 12/142 [wraith (9)]
 10985 | D:11     | Slain by Snorg

Vanquished Creatures
  Harold (D:7)
  The ghost of nago the Fighter, a journeyman DjWn of Makhleb (D:9)
  A two-headed ogre (D:11)
  Pikel (D:5)
  Maggie (D:9)
  A gargoyle (D:11)
  A komodo dragon (D:10)
  2 trolls (D:10)
  A meliai zombie (D:10)
  2 shadows
  Sigmund (D:2)
  2 wyverns (D:9)
  A wraith (D:11)
  5 yaks (D:10)
  A steam dragon (D:7)
  Menkaure (D:5)
  Edmund (D:5)
  2 water moccasins
  Purgy (D:4)
  4 orc warriors
  An ice beast (D:6)
  4 black bears
  4 necrophages
  3 centaurs
  A kobold brigand (D:6)
  2 bullfrogs
  A scorpion (D:5)
  A water moccasin zombie (D:5)
  3 wights (D:6)
  11 killer bees
  2 howler monkeys
  6 centaur zombies
  3 hounds
  4 jellies
  7 orc priests
  2 bullfrog skeletons (D:6)
  2 centaur skeletons (D:7)
  Ijyb (D:5)
  2 iguanas
  7 orc wizards
  A merfolk avatar (Sewer)
  2 merfolk sirens (Sewer)
  A howler monkey zombie (D:9)
  8 gnolls (D:3)
  11 adders
  A river rat (Sewer)
  A shadow imp (D:7)
  4 white imps
  An adder zombie (D:5)
  4 worms
  2 dart slugs
  32 orcs
  8 ball pythons
  8 bats
  6 endoplasms
  4 giant cockroaches
  9 hobgoblins
  16 kobolds
  8 quokkas
  7 frilled lizards
  14 goblins
  35 rats
281 creatures vanquished.

Vanquished Creatures (others)
  6 plants (D:10)
6 creatures vanquished.

Grand Total: 287 creatures vanquished
